AoeStats
← Lost My Scout

Arena

510430408Analyzed
4v4 RM · 17h ago on Oct 1, 2026· 66m 57s· 8 players
Game mode
Random Map
Map size
Large (8 player)
Population
200
Speed
Normal
Resources
Standard
Victory
Conquest
Starting age
Dark Age
Ending age
Imperial Age
RankedLock teamsTeams togetherTeam positionsShared explorationLock speedFull tech treeHidden civsTurbo modeCheats
Victory
Defeat
🇦🇷 Turks · Argentina
830
+13
🇺🇸 Maya · United States
810
+14
🇺🇸 Goths · United States
809
+14
🇨🇱 Romans · Chile
639
+21
🇺🇸 Franks · United States
803
-17
🇨🇴 Celts · Colombia
783
-16
🇲🇽 Wu · Mexico
737
-15
🇲🇽 Burgundians · Mexico
726
-14
mau.mnry
11:54 Feudal Age
13:23 Loom
16:56 Castle Age
16:16 Double-Bit Axe
22:25 Fletching
23:10 Padded Archer Armor
23:29 Gold Mining
25:38 Gold Shaft Mining
26:43 Bow Saw
30:23 Stone Mining
30:55 Red Cliffs Tactics
33:26 Horse Collar
34:25 Stone Shaft Mining
37:13 Imperial Age
35:31 Wheelbarrow
35:04 Bodkin Arrow
35:29 Leather Archer Armor
36:51 Hand Cart
37:30 Elite Fire Archer
38:09 Town Watch
40:52 Bracer
40:56 Heavy Plow
42:00 Two-Man Saw
41:04 Town Patrol
42:12 Chemistry
41:33 Ballistics
41:10 Murder Holes
40:56 Treadmill Crane
41:26 Masonry
42:39 Conscription
44:35 Heavy Hei Guang Cavalry
45:29 Bloodlines
52:34 Sitting Tiger
KRATOS25085670
14:24 Feudal Age
14:51 Double-Bit Axe
17:03 Wheelbarrow
19:03 Castle Age
17:49 Gold Mining
17:51 Stone Mining
20:55 Hand Cart
20:53 Bow Saw
21:57 Gold Shaft Mining
28:26 Caravan
33:54 Imperial Age
32:40 Forging
34:16 Iron Casting
33:47 Scale Barding Armor
34:12 Treadmill Crane
33:59 Cavalier
36:45 Blast Furnace
36:06 Chain Barding Armor
35:23 Paladin
39:26 Plate Barding Armor
48:59 Chemistry
50:51 Husbandry
EL THANOS
0:36 Loom
12:06 Feudal Age
12:38 Double-Bit Axe
14:47 Horse Collar
19:27 Castle Age
18:38 Stone Mining
18:39 Gold Mining
20:43 Bow Saw
21:29 Heavy Plow
25:17 Gold Shaft Mining
31:46 Imperial Age
31:58 Imperial Age
50:27 Wheelbarrow
49:59 Stronghold
53:34 Hand Cart
54:02 Scale Mail Armor
54:13 Forging
54:44 Pikeman
56:04 Halberdier
56:43 Capped Ram
61:54 Chain Mail Armor
62:15 Iron Casting
63:19 Caravan
joseabrojo
0:28 Loom
7:53 Double-Bit Axe
12:22 Feudal Age
11:33 Gold Mining
11:36 Stone Mining
11:34 Horse Collar
15:49 Wheelbarrow
19:09 Castle Age
18:44 Forging
18:42 Heavy Plow
19:11 Cavalier
22:30 Fletching
24:33 Hand Cart
24:55 Scale Barding Armor
29:16 Iron Casting
31:20 Bow Saw
31:16 Bodkin Arrow
33:41 Two-Man Saw
32:52 Husbandry
34:17 Squires
34:04 Arson
37:37 Imperial Age
36:37 Treadmill Crane
37:08 Fortified Wall
37:26 Chain Barding Armor
37:08 Scale Mail Armor
38:31 Light Cavalry
41:31 Hussar
Booger Flicker X
Lost My Scout
0:44 Loom
13:43 Feudal Age
14:37 Horse Collar
14:45 Double-Bit Axe
15:04 Man-at-Arms
15:53 Stone Mining
16:15 Gold Mining
23:21 Castle Age
22:19 Scale Mail Armor
22:30 Forging
22:11 Fletching
24:38 Bow Saw
24:31 Heavy Plow
24:22 Long Swordsman
24:23 Pikeman
25:04 Squires
26:12 Wheelbarrow
26:47 Stone Shaft Mining
26:16 Town Watch
29:21 Town Patrol
30:32 Hand Cart
34:51 Imperial Age
33:08 Murder Holes
33:23 Masonry
32:56 Treadmill Crane
33:25 Anarchy
34:23 Ballistics
34:01 Herbal Medicine
34:06 Devotion
34:26 Chain Mail Armor
34:47 Iron Casting
34:07 Bodkin Arrow
36:21 Conscription
36:19 Perfusion
36:58 Crop Rotation
37:38 Two-Man Saw
37:05 Bracer
38:06 Blast Furnace
37:37 Halberdier
39:42 Chemistry
40:37 Architecture
46:09 Elite Huskarl
lothal
1:28 Loom
14:25 Feudal Age
15:17 Horse Collar
19:11 Double-Bit Axe
25:02 Castle Age
25:11 Castle Age
23:34 Scale Mail Armor
23:57 Town Watch
25:52 Man-at-Arms
25:53 Pikeman
26:33 Squires
26:51 Chain Mail Armor
26:48 Forging
31:15 Heavy Plow
34:20 Gold Mining
35:50 Bow Saw
38:28 Long Swordsman
42:03 Gold Shaft Mining
41:18 Stone Mining
46:25 Imperial Age
44:31 Wheelbarrow
44:50 Fortified Wall
44:51 Masonry
45:02 Ballistics
45:40 Iron Casting
46:29 Halberdier
46:32 Legionary
47:34 Conscription
46:54 Capped Ram
50:16 Crop Rotation
49:11 Siege Ram
51:08 Architecture
51:38 Chemistry
51:53 Comitatenses
51:47 Caravan
53:27 Heavy Scorpion
55:01 Hand Cart
54:49 Town Patrol
57:11 Siege Engineers
59:05 Bloodlines
58:16 Light Cavalry
58:56 Husbandry
65:28 Blast Furnace
64:33 Scale Barding Armor
65:59 Ballistas
65:27 Sappers
alee__juliann
14:26 Feudal Age
16:45 Double-Bit Axe
16:42 Horse Collar
24:57 Castle Age
23:22 Fletching
24:15 Stone Mining
24:21 Gold Mining
25:39 Padded Archer Armor
25:38 Loom
25:29 Crossbowman
27:15 Thumb Ring
28:39 Bodkin Arrow
29:01 Leather Archer Armor
29:28 Wheelbarrow
28:39 Town Watch
34:14 Imperial Age
33:25 Bloodlines
33:15 Husbandry
33:39 Fervor
33:37 Heavy Plow
33:49 Bow Saw
35:21 Conscription
36:18 Ballistics
36:10 Fortified Wall
35:41 Treadmill Crane
36:12 Masonry
37:11 Artillery
38:15 Hand Cart
39:27 Gold Shaft Mining
39:13 Bracer
40:44 Murder Holes
41:19 Architecture
42:11 Two-Man Saw
42:30 Hoardings
42:01 Squires
42:34 Ring Archer Armor
42:18 Scale Barding Armor
42:23 Forging
41:36 Heavy Camel Rider
42:40 Guilds
44:23 Chain Barding Armor
45:44 Caravan
46:28 Plate Barding Armor
46:30 Iron Casting
49:36 Town Patrol
50:42 Blast Furnace
49:45 Scale Mail Armor
54:30 Chain Mail Armor
55:44 Plate Mail Armor
62:42 Guard Tower
62:38 Arrowslits
Connection lost

Rejoining the realm…

Still unreachable

The connection could not be restored.

Session expired

The server has moved on; the page needs a fresh start.